 Dungeon Crawl Stone Soup version 0.29.1-12-g30fa7ad0bf (webtiles) character file.

Game seed: 16100075700601523355

130264 concernfroge the Marksdemonspawn (level 16, -1/122 HPs)
             Began as a Demonspawn Necromancer on Jan 9, 2023.
             Was an Elder of Fedhas.
             Splashed with acid (8 damage)
             ... on level 2 of the Pits of Slime.
             The game lasted 02:29:02 (24977 turns).

concernfroge the Marksdemonspawn (DsNe)            Turns: 24977, Time: 02:29:02

Health: -1/122     AC: 27    Str:  8    XL:     16   Next: 52%
Magic:  21/26      EV: 15    Int: 18    God:    Fedhas [****..]
Gold:   1904       SH:  0    Dex: 17    Spells: 9/29 levels left

rFire   . . .      SeeInvis +   a - +1 triple crossbow of Disembowelment {venom, SInv}
rCold   + . .      Faith    .   (shield currently unavailable)
rNeg    . . .      Spirit   .   L - +6 acid dragon scales
rPois   .          Reflect  .   c - +2 helmet
rElec   .          Harm     .   W - scarf {repulsion}
rCorr   +          Rampage  .   w - +0 pair of gloves
Will    +....                   H - +0 pair of boots
Stlth   +.........              C - amulet of regeneration
HPRegen 1.10/turn               R - ring of the Tortoise {AC+8}
MPRegen 0.20/turn               B - ring of protection from cold

@: confused, mighty, corroded, repel missiles
A: molten scales 2, demonic guardian 2, powered by death 1, corrupting presence
1, demonic touch 2, clumsy 1, weak 1
a: Renounce Religion, Wall of Briars, Grow Ballistomycete, Overgrow


You were on level 2 of the Pits of Slime.
You worshipped Fedhas.
Fedhas was greatly pleased with you.
You visited 6 branches of the dungeon, and saw 25 of its levels.
You also visited: Ossuary.

You collected 3134 gold pieces.
You spent 1230 gold pieces at shops.

Inventory:

Hand Weapons
 a - the +1 triple crossbow of Disembowelment (weapon) {venom, SInv}
   (You acquired it in an ossuary)

   Any ammunition fired from it poisons the flesh of those it strikes.
   SInv:      It lets you see invisible.
Missiles
 v - 7 silver javelins
 F - 3 throwing nets
Armour
 c - a +2 helmet (worn)
 w - a +0 pair of gloves (worn)
 H - a +0 pair of boots (worn)
 L - +6 acid dragon scales (worn)
 W - a scarf of repulsion (worn)
Jewellery
 b - a +6 ring of intelligence
 h - a ring of wizardry
 u - an amulet of the acrobat
 B - a ring of protection from cold (right hand)
 C - an amulet of regeneration (around neck)
 R - the ring of the Tortoise (left hand) {AC+8}
   (You found it on level 5 of the Lair of Beasts)

   [ring of protection]

   AC:        It affects your AC (+8).
 V - a +4 ring of slaying
Wands
 t - a wand of flame (43)
 y - a wand of charming (24)
 E - a wand of iceblast (5)
 N - a wand of quicksilver (5)
 X - a wand of mindburst (5)
Scrolls
 d - 2 scrolls of immolation
 f - 3 scrolls of amnesia
 i - a scroll of magic mapping
 j - 5 scrolls of vulnerability
 k - a scroll of teleportation
 m - 2 scrolls of torment
 q - 3 scrolls of fog
 s - a scroll of silence
 A - 3 scrolls of enchant weapon
 G - a scroll of poison
 M - 2 scrolls of fear
 S - 3 scrolls of noise
Potions
 e - 5 potions of magic
 g - 2 potions of brilliance
 n - a potion of cancellation
 o - 2 potions of invisibility
 p - 5 potions of might
 r - 3 potions of lignification
 x - 6 potions of mutation
 z - 3 potions of attraction
 J - 2 potions of berserk rage
 K - 3 potions of flight
Miscellaneous
 P - a lightning rod (4/4)


   Skills:
 - Level 10.0 Fighting
 - Level 16.0 Ranged Weapons
 - Level 5.0 Throwing
 - Level 8.0 Armour
 - Level 8.0 Dodging
 - Level 5.0 Stealth
 + Level 7.0 Spellcasting
 - Level 10.0 Necromancy
 - Level 10.0 Translocations
 - Level 10.0 Invocations
 - Level 8.0 Evocations


You had 9 spell levels left.
You knew the following spells:

 Your Spells              Type           Power      Damage    Failure   Level
a - Necrotise             Necr           100%       1d9       1%          1
b - Vampiric Draining     Necr           42%        2d9       1%          3
c - Animate Dead          Necr           42%        N/A       2%          4
d - Agony                 Necr           42%        N/A       8%          5
e - Passage of Golubria   Tloc           42%        N/A       2%          4
f - Portal Projectile     Hex/Tloc       48%        N/A       7%          3

Your spell library contained the following spells:

 Spells                   Type           Power      Damage    Failure   Level
 Magic Dart               Conj           24%        1d4       17%         1
 Shock                    Conj/Air       24%        1d4       17%         1
 Slow                     Hex            24%        N/A       17%         1
 Summon Small Mammal      Summ           24%        N/A       17%         1
 Call Imp                 Summ           6%         N/A       26%         2
 Searing Ray              Conj           12%        2d4       26%         2
 Static Discharge         Conj/Air       6%         3-4/arc   26%         2
 Call Canine Familiar     Summ           6%         N/A       45%         3
 Confusing Touch          Hex            6%         N/A       45%         3
 Frozen Ramparts          Ice            12%        1d2       45%         3
 Mephitic Cloud           Conj/Pois/Air  6%         N/A       45%         3
 Summon Guardian Golem    Hex/Summ       6%         N/A       45%         3
 Swiftness                Air            6%         N/A       45%         3
 Borgnjor's Vile Clutch   Necr/Erth      12%        N/A       52%         5
 Airstrike                Air            3%         2d(1-17)  86%         4
 Fulminant Prism          Conj/Hex       3%         3d6       86%         4
 Ice Form                 Ice/Tmut       6%         N/A       86%         4
 Leda's Liquefaction      Hex/Erth       3%         N/A       86%         4
 Summon Ice Beast         Ice/Summ       6%         N/A       86%         4
 Alistair's Intoxication  Tmut/Pois      4%         N/A       99%         5
 Lightning Bolt           Conj/Air       3%         1d14      99%         5
 Silence                  Hex/Air        3%         N/A       99%         5
 Eringya's Noxious Bog    Tmut/Pois      3%         N/A       100%        6
 Haunt                    Necr/Summ      12%        N/A       100%        7
 Infestation              Necr           21%        N/A       100%        8
 Lehudib's Crystal Spear  Conj/Erth      3%         10d2      100%        8
 Maxwell's Capacitive Co  Air            3%         ∞         100%        8


Dungeon Overview and Level Annotations

Branches:
Dungeon (15/15)            Temple (1/1) D:6            Lair (5/5) D:9
 Shoals (0/4) Lair:3        Snake (1/4) Lair:3        Slime (3/5) Lair:5
    Orc (2/2) D:10            Elf (0/3) Orc:2        Vaults (0/5) D:14
 Depths (0/4) D:15        Ossuary (visited)

Altars:
Ashenzari
Cheibriados
Dithmenos
Fedhas
Gozag
Hepliaklqana
Kikubaaqudgha
Makhleb
Nemelex Xobeh
Okawaru
Qazlal
Ru
Sif Muna
Uskayaw
Xom
Jiyva

Shops:
D:6 =   D:8 :   D:13 :   D:14 (   Orc:2 ?*[:

Portals:
Pandemonium: Orc:2

Annotations:
D:7 4 runed translucent doors, exclusion: 4 doors
D:10 1 runed translucent door, exclusion: door, xzight's ghost, journeyman TrFi
D:11 3 runed translucent doors, exclusion: 3 doors, JayGG's ghost, journeyman MiBe
Orc:1 6 transporters


Innate Abilities, Weirdness & Mutations

You are mostly covered in molten scales. (AC +3)
A demonic guardian rushes to your aid.
You regenerate a little health from kills.
Your presence sometimes corrodes those you injure.
Your touch may inflict irresistible damage on your foes.
You are clumsy. (Dex -2)
You are weak. (Str -2)


Message History

The slime creature hits you but does no damage.
The wall burns your sun demon!
Your sun demon completely misses the golden eye.
The golden eye blinks at you. You resist with almost no effort.
The acid blob spits acid at you.
The splash of acid is repelled.
You're too confused to move!
You are splashed with acid.
* * * LOW HITPOINT WARNING * * *
The wall burns your sun demon!
Your sun demon closely misses the golden eye.
The golden eye blinks at you.
You are more confused.
The slime creature barely misses you. The wall burns your sun demon!
Your sun demon closely misses the golden eye.
You're too confused to move!
You are splashed with acid.
* * * LOW HITPOINT WARNING * * *
You feel less invigorated.
The golden eye turns its gaze towards you.
The slime creature hits you but does no damage.
The acid blob hits you.
* * * LOW HITPOINT WARNING * * *
You are splashed with acid.
You resist.
* * * LOW HITPOINT WARNING * * *
The golden eye blinks at you.
You are more confused.
The wall burns your sun demon!
Your sun demon hits the golden eye!
The golden eye is engulfed in flames!
The golden eye dies!
Fedhas accepts your kill.
Your Spellcasting skill increases to level 7!
The acid blob attacks as you move away! The acid blob closely misses you.
You are splashed with acid!
* * * LOW HITPOINT WARNING * * *
The golden eye blinks at you.
You are more confused.
The wall burns your sun demon!
You're too confused to move!
You are splashed with acid!
You die...
Fedhas appreciates your contribution to the ecosystem.

##. ###### .... #..#. ##.
...#...###.... ....
........#.#.. .....
###.............##....#
##..........#..........#
...........##..........
#.#.........#@.........
##.#.........JJ.....#...
#............3...#..#...
##......................
##...#........#.G....#..#
#.......................#
##..##.<....>........#.##
###....................#
##........#.#...........


You could see an acid blob (ally target), a slime creature, a golden eye and a
friendly sun demon (summoned).

Vanquished Creatures
  Jorgrun (Orc:2)
  3 acid blobs
  Gastronok (Lair:2)
  An orc warlord (Orc:2)
  An azure jelly (Slime:2)
  Louise (D:15)
  An ettin (Orc:2)
  2 demonspawn (Orc:2)
  Fannar (D:12)
  10 boulder beetles
  An anaconda (Snake:1)
  8 hydras
  4 two-headed ogres
  Erica (Lair:2)
  A centaur warrior (D:13)
  6 death yaks
  2 tengu warriors
  6 orc high priests (Orc:2)
  Urug (D:12)
  Amaemon (Lair:2)
  A fire crab (Lair:4)
  3 skeletal warriors (D:14)
  2 lindwurms
  7 orc knights
  6 orc sorcerers
  3 deep elf pyromancers
  A wolf spider (D:15)
  2 shining eyes (Slime:2)
  A manticore (Lair:5)
  2 ugly things
  A cyclops (D:11)
  2 elephants
  An ice statue (D:14)
  Joseph (Lair:1)
  An orange demon (Lair:2)
  2 torpor snails
  8 black mambas
  7 cane toads
  2 gargoyles
  2 death yak zombies (Lair:5)
  An efreet (D:15)
  An unseen horror (D:11)
  4 rime drakes (Lair:4)
  Psyche (D:9)
  4 komodo dragons
  A tengu conjurer (D:11)
  A freezing wraith (D:12)
  2 hellwings (Orc:2)
  5 meliai
  3 trolls (D:12)
  5 polar bears
  4 blink frogs (Lair:5)
  A hornet (D:8)
  A merfolk (D:15)
  3 raiju (Lair:5)
  27 slime creatures
  2 dream sheep (Lair:5)
  A jumping spider (shapeshifter) (D:15)
  A jumping spider (D:10)
  2 shadows (D:10)
  A vampire (D:14)
  A wraith (D:14)
  3 wyverns
  A human (shapeshifter) (D:13)
  34 yaks
  A ynoxinul (Orc:2)
  Eustachio (D:6)
  3 golden eyes (Slime:1)
  12 humans (D:14)
  Grum (D:9)
  3 basilisks
  2 redbacks (D:10)
  A steam dragon (D:6)
  5 vampire mosquitoes
  8 wargs
  A naga (Snake:1)
  A two-headed ogre zombie (D:10)
  An acid dragon (D:9)
  10 hell hounds (Lair:5)
  10 water moccasins
  33 orc warriors
  3 sky beasts (D:7)
  5 black bears
  An ice beast (D:7)
  A hornet zombie (Ossuary)
  13 wolves
  6 ogres
  5 centaurs
  2 phantoms
  2 kobold brigands
  11 bullfrogs
  A gnoll sergeant (D:8)
  2 scorpions
  A necrophage (D:8)
  2 water moccasin zombies (Ossuary)
  17 wights
  21 killer bees
  A troll zombie (D:10)
  A yak zombie (Lair:5)
  4 electric eels
  6 centaur zombies
  3 bullfrog zombies (Ossuary)
  A gnoll bouda (D:8)
  21 orc priests
  A hound (D:7)
  A jelly (D:7)
  2 iguanas
  17 orc wizards
  18 mummies
  6 ogre zombies (D:10)
  3 adders
  9 gnolls
  A shadow imp (D:7)
  A white imp (D:6)
  2 worms
  2 dart slugs (D:2)
  66 orcs
  2 endoplasms
  A giant cockroach (D:2)
  5 goblins
  5 hobgoblins
  3 jackals (D:2)
  A quokka (D:3)
  6 ball pythons
  6 bats
  6 frilled lizards
  4 goblin zombies
  3 hobgoblin skeletons (D:10)
  A hobgoblin zombie (D:10)
  10 kobolds
  3 orc skeletons (D:10)
  14 orc zombies (D:10)
  5 rats
  2 rat zombies (D:7)
647 creatures vanquished.

Vanquished Creatures (collateral kills)
  2 acid blobs (Slime:2)
  Agnes (D:15)
  2 rockslimes (Slime:2)
  A quicksilver ooze (Slime:2)
  Nessos (D:14)
  2 hydras
  An ogre mage (D:15)
  3 catoblepae
  4 two-headed ogres (D:15)
  3 death yaks
  An orc high priest (Orc:1)
  Nergalle (Lair:1)
  A lindwurm (Lair:5)
  An orc sorcerer (Orc:1)
  2 cyclopes (D:15)
  A manticore (Lair:5)
  2 black mambas
  A centaur zombie (D:14)
  5 elephants (Lair:5)
  An eye of devastation (Slime:2)
  3 cane toads
  2 torpor snails
  A redback zombie (D:14)
  2 komodo dragons
  A tengu conjurer (D:14)
  A meliai (D:13)
  2 trolls
  6 polar bears (Lair:5)
  11 slime creatures
  A dream sheep (Lair:5)
  11 yaks
  3 golden eyes
  4 humans (D:14)
  2 vampire mosquitoes (D:13)
  A redback (shapeshifter) (D:15)
  A basilisk (D:14)
  3 wargs (Lair:5)
  7 water moccasins
  4 hell hounds (Lair:5)
  7 orc warriors
  A sky beast (D:8)
  7 black bears (Lair:5)
  An ice beast (D:7)
  An ogre (Orc:2)
  10 wolves
  A centaur (D:6)
  A gnoll sergeant (D:12)
  A kobold brigand (D:10)
  2 bullfrogs
  3 wights (D:8)
  2 killer bees
  2 yak zombies (Lair:5)
  An electric eel (Lair:3)
  A lava snake (D:10)
  2 orc priests (Orc:2)
  3 mummies (Ossuary)
  4 orc wizards
  2 killer bee zombies (Ossuary)
  5 gnolls
  17 orcs
  An endoplasm (D:2)
  5 kobolds (D:10)
  A hobgoblin skeleton (D:10)
  An orc zombie (D:10)
  A rat (D:1)
  12 ballistomycete spores (Lair:5)
197 creatures vanquished.

Vanquished Creatures (others)
  2 death yak zombies (Lair:4)
  A catoblepas zombie (Lair:5)
  4 hydra zombies
  3 boulder beetle zombies
  4 slime creatures (Slime:2)
  A jumping spider zombie (D:15)
  3 black mamba zombies
  5 meliai zombies
  2 cane toad zombies
  A two-headed ogre zombie (Orc:1)
  A lindwurm zombie (Lair:5)
  49 orc zombies
  A dream sheep zombie (Lair:5)
  A manticore zombie (Lair:5)
  3 elephant zombies (Lair:5)
  A rime drake zombie (Lair:4)
  2 komodo dragon zombies
  A wyvern zombie (Lair:5)
  9 hell hound zombies (Lair:5)
  3 water moccasin zombies
  2 polar bear zombies (Lair:5)
  A troll zombie (D:12)
  4 warg zombies
  4 yak zombies
  2 raiju zombies (Lair:5)
  4 wolf zombies
  3 human zombies (D:14)
  5 black bear zombies (Lair:5)
  4 gnoll zombies (D:12)
  13 fungi
  64 plants
  10 withered plants
213 creatures vanquished.

Grand Total: 1057 creatures vanquished

Notes
Turn   | Place    | Note
-------+----------+-------------------------------------------
     0 | D:1      | concernfroge the Demonspawn Necromancer began the quest for
                  | the Orb.
     0 | D:1      | Reached XP level 1. HP: 13/13 MP: 3/3
   210 | D:1      | Gained mutation: You are partially covered in molten
                  | scales. (AC +2) [demonic ancestry]
   210 | D:1      | Reached XP level 2. HP: 19/19 MP: 2/5
   317 | D:1      | Found a faded altar of an unknown god.
   335 | D:1      | Prayed at the altar of an unknown god.
   335 | D:1      | Became a worshipper of Fedhas Madash
   335 | D:1      | Reached * piety under Fedhas
   590 | D:1      | Reached skill level 1 in Invocations
   920 | D:2      | Gained mutation: A weak demonic guardian rushes to your
                  | aid. [demonic ancestry]
   920 | D:2      | Reached XP level 3. HP: 24/24 MP: 5/7
  1720 | D:2      | Reached XP level 4. HP: 30/30 MP: 5/9
  1773 | D:2      | Reached ** piety under Fedhas
  2202 | D:3      | You fall into a shaft and drop 3 floors!
  2214 | D:6      | Found a sand-covered staircase.
  2224 | D:6      | Noticed Eustachio
  2238 | D:6      | Noticed a black bear
  2243 | Ossuary  | Entered an ossuary
  2276 | Ossuary  | Identified a scroll of acquirement
  2276 | Ossuary  | Acquired the +1 triple crossbow of Disembowelment {venom,
                  | SInv}
  2283 | Ossuary  | Reached skill level 1 in Ranged Weapons
  2283 | Ossuary  | Reached XP level 5. HP: 22/35 MP: 8/10
  2287 | Ossuary  | Reached skill level 2 in Ranged Weapons
  2292 | Ossuary  | Reached skill level 3 in Ranged Weapons
  2302 | Ossuary  | Gained mutation: Your touch may inflict minor irresistible
                  | damage on your foes. [demonic ancestry]
  2302 | Ossuary  | Reached XP level 6. HP: 30/41 MP: 6/11
  2383 | Ossuary  | Reached skill level 4 in Ranged Weapons
  2384 | Ossuary  | Reached skill level 1 in Fighting
  2472 | Ossuary  | Reached XP level 7. HP: 18/52 MP: 12/12
  2802 | Ossuary  | Reached skill level 5 in Fighting
  3032 | D:6      | Found a staircase to the Ecumenical Temple.
  3038 | Temple   | Entered the Ecumenical Temple
  3303 | D:6      | Found Luzeudi's Jewellery Shop.
  3362 | D:6      | Gained mutation: Your touch may inflict irresistible damage
                  | on your foes. [demonic ancestry]
  3362 | D:6      | Reached XP level 8. HP: 16/64 MP: 11/13
  3615 | D:6      | Identified the +3 dire flail of Gallantry {freeze, Str+3}
  3627 | D:6      | Killed Eustachio
  3628 | D:6      | Reached skill level 5 in Ranged Weapons
  3980 | D:6      | Reached skill level 6 in Ranged Weapons
  4010 | D:6      | Reached skill level 1 in Armour
  4463 | D:7      | Found a burning altar of Makhleb.
  4537 | D:7      | Found a large runed translucent door.
  4537 | D:7      | Found a large runed translucent door.
  4539 | D:7      | Found a large runed translucent door.
  4539 | D:7      | Found a large runed translucent door.
  4605 | D:7      | Gained mutation: A demonic guardian rushes to your aid.
                  | [demonic ancestry]
  4605 | D:7      | Reached XP level 9. HP: 56/69 MP: 14/14
  4683 | D:7      | Noticed a boulder beetle
  4687 | D:7      | Killed a boulder beetle
  4688 | D:7      | Reached skill level 5 in Armour
  4688 | D:7      | Reached skill level 5 in Dodging
  4714 | D:7      | Identified the +1 leather armour of Vehumet's Hope {SInv}
  4836 | D:7      | Reached skill level 5 in Stealth
  4865 | D:7      | Reached skill level 1 in Evocations
  4955 | D:7      | Reached skill level 5 in Invocations
  5108 | D:7      | Found an ancient bone altar of Kikubaaqudgha.
  5259 | D:7      | Reached *** piety under Fedhas
  5307 | D:7      | Reached XP level 10. HP: 76/76 MP: 15/15
  5376 | D:7      | Noticed a deep elf pyromancer
  5385 | D:7      | Killed a deep elf pyromancer
  5386 | D:7      | Reached skill level 5 in Evocations
  5786 | D:8      | Reached skill level 7 in Ranged Weapons
  6045 | D:8      | Found Eceakk's Self-Improvement Boutique.
  6085 | D:8      | Found a sparkling altar of Nemelex Xobeh.
  6090 | D:8      | Learned a level 3 spell: Vampiric Draining
  6095 | D:8      | Learned a level 4 spell: Animate Dead
  6101 | D:8      | Learned a level 5 spell: Agony
  6155 | D:8      | Reached skill level 8 in Ranged Weapons
  6375 | D:8      | Found a shimmering blue altar of Sif Muna.
  6664 | D:8      | Reached skill level 5 in Spellcasting
  7045 | D:9      | Noticed Psyche
  7047 | D:9      | Killed Psyche
  7097 | D:9      | Found an opulent altar of Gozag.
  7215 | D:9      | Noticed Grum
  7222 | D:9      | Reached skill level 5 in Necromancy
  7224 | D:9      | Killed Grum
  7386 | D:9      | Found a staircase to the Lair.
  7400 | D:9      | Reached XP level 11. HP: 75/81 MP: 18/20
  7400 | D:9      | Reached **** piety under Fedhas
  8219 | D:10     | Entered Level 10 of the Dungeon
  8482 | D:10     | Found a staircase to the Orcish Mines.
  8680 | D:10     | Noticed a two-headed ogre
  8685 | D:10     | Killed a two-headed ogre
  8731 | D:10     | Found a runed translucent door.
  8749 | D:10     | Found a runed translucent gate.
  8750 | D:10     | Noticed a boulder beetle
  8751 | D:10     | Found a runed translucent gate.
  8752 | D:10     | Found a runed translucent gate.
  8752 | D:10     | Found a runed translucent gate.
  8752 | D:10     | Found a runed translucent gate.
  8752 | D:10     | Noticed a lindwurm
  8752 | D:10     | Noticed a boulder beetle
  8753 | D:10     | Found a runed translucent gate.
  8915 | D:10     | Found a runed translucent door.
  8915 | D:10     | Found a shimmering altar of Xom.
  8915 | D:10     | Noticed a +3 hand axe of chaos
  8915 | D:10     | Noticed xzight's ghost (journeyman TrFi)
  8954 | D:10     | Reached skill level 10 in Necromancy
  9229 | D:10     | Killed a boulder beetle
  9240 | D:10     | Killed a boulder beetle
  9829 | D:10     | Killed a lindwurm
 10380 | D:11     | Noticed a tengu warrior
 10613 | D:11     | Found a runed translucent gate.
 10613 | D:11     | Found a runed translucent gate.
 10615 | D:11     | Found a runed translucent gate.
 10631 | D:11     | Noticed a two-headed ogre
 10632 | D:11     | Noticed a minotaur
 10632 | D:11     | Noticed JayGG's ghost (journeyman MiBe)
 10706 | D:11     | Reached skill level 9 in Ranged Weapons
 10779 | D:11     | Reached XP level 12. HP: 92/92 MP: 17/21
 10850 | D:11     | Killed a tengu warrior
 11295 | Lair:1   | Entered Level 1 of the Lair of Beasts
 11295 | Lair:1   | Noticed Joseph
 11299 | Lair:1   | Killed Joseph
 11466 | Lair:1   | Reached skill level 10 in Ranged Weapons
 11693 | Lair:1   | Noticed Nergalle
 11717 | Lair:1   | Killed Nergalle
 11910 | Lair:1   | Noticed an eight-headed hydra
 11920 | Lair:1   | Killed an eight-headed hydra
 11921 | Lair:1   | Reached skill level 11 in Ranged Weapons
 12824 | Lair:2   | Noticed Erica
 12829 | Lair:2   | Killed Erica
 12901 | Lair:2   | Reached skill level 12 in Ranged Weapons
 12918 | Lair:2   | Noticed Amaemon
 12933 | Lair:2   | Killed Amaemon
 13371 | Lair:2   | Noticed Gastronok
 13379 | Lair:2   | Killed Gastronok
 13574 | Lair:3   | Found a staircase to the Shoals.
 13627 | Lair:3   | Reached skill level 10 in Fighting
 13785 | Lair:3   | Found a staircase to the Snake Pit.
 13857 | Lair:3   | Identified the +3 trident "Puot" {antimagic, Fragile rPois
                  | Dex+7}
 13932 | Lair:3   | Gained mutation: You regenerate a little health from kills.
                  | [demonic ancestry]
 13932 | Lair:3   | Reached XP level 13. HP: 103/103 MP: 20/22
 14997 | Lair:4   | Reached skill level 10 in Invocations
 15825 | Lair:5   | Entered Level 5 of the Lair of Beasts
 15857 | Lair:5   | Acquired a +1 cloak of willpower
 16002 | Lair:5   | Gained mutation: You are mostly covered in molten scales.
                  | (AC +3) [demonic ancestry]
 16002 | Lair:5   | Reached XP level 14. HP: 88/110 MP: 15/23
 16349 | Lair:5   | Reached skill level 13 in Ranged Weapons
 16542 | Lair:5   | Found a staircase to the Slime Pits.
 16544 | Lair:5   | Found a viscous altar of Jiyva.
 16906 | Lair:5   | Reached skill level 14 in Ranged Weapons
 17059 | Lair:5   | Found the ring of the Tortoise {AC+8}
 17504 | D:12     | HP: 5/110 [enormous slime creature (54)]
 17838 | D:12     | Noticed Urug
 17847 | D:12     | Killed Urug
 17900 | D:12     | Noticed Fannar
 17905 | D:12     | Killed Fannar
 18579 | Orc:1    | Entered Level 1 of the Orcish Mines
 18708 | Orc:1    | Found a transporter.
 18710 | Orc:1    | Found a transporter.
 18711 | Orc:1    | Found a transporter.
 18728 | Orc:1    | Reached skill level 1 in Throwing
 18750 | Orc:1    | Found a sparkling altar of Nemelex Xobeh.
 18750 | Orc:1    | Noticed a juggernaut
 18751 | Orc:1    | Found a transporter.
 18751 | Orc:1    | Found a transporter.
 18755 | Orc:1    | Found a transporter.
 19266 | Snake:1  | Entered Level 1 of the Snake Pit
 19537 | Orc:2    | Entered Level 2 of the Orcish Mines
 19706 | Orc:2    | Found Dedubb's Magic Scroll Shop.
 19763 | Orc:2    | Found Rakhlyvi's General Store.
 19803 | Orc:2    | Reached XP level 15. HP: 115/115 MP: 20/24
 19853 | Orc:2    | Noticed Jorgrun
 19867 | Orc:2    | Killed Jorgrun
 19868 | Orc:2    | Reached skill level 5 in Throwing
 20014 | Orc:2    | Found a staircase to the Elven Halls.
 20343 | Orc:2    | Noticed an orc warlord
 20370 | Orc:2    | Killed an orc warlord
 20703 | Orc:2    | Found a one-way gate leading to the halls of Pandemonium.
 20703 | Orc:2    | Found Babbyere's Book Emporium.
 20703 | Orc:2    | Found Danapey's Antique Armour Shoppe.
 20938 | Orc:2    | Reached skill level 15 in Ranged Weapons
 20996 | Orc:2    | Bought a twisted cloak for 266 gold pieces
 20996 | Orc:2    | Identified the +1 cloak of Pedweg {Dex+4} (You bought it in
                  | a shop on level 2 of the Orcish Mines)
 21008 | Orc:2    | Bought a book of the Moon for 600 gold pieces
 21013 | Orc:2    | Learned a level 4 spell: Passage of Golubria
 21218 | D:13     | Found Sudeibba's Book Boutique.
 21223 | D:13     | Bought a book of the Hunter for 364 gold pieces
 21227 | D:13     | Learned a level 3 spell: Portal Projectile
 21310 | D:13     | Reached skill level 1 in Translocations
 21915 | D:14     | Found Udicotic's Antique Weapon Shoppe.
 22072 | D:14     | Noticed Nessos
 22080 | D:14     | Killed Nessos
 22099 | D:14     | Reached skill level 5 in Translocations
 22231 | D:14     | Found a gate to the Vaults.
 22568 | D:15     | Entered Level 15 of the Dungeon
 22734 | D:15     | Gained mutation: Your presence sometimes corrodes those you
                  | injure. [demonic ancestry]
 22734 | D:15     | Reached XP level 16. HP: 122/122 MP: 22/25
 22796 | D:15     | Noticed Louise
 22804 | D:15     | Killed Louise
 22895 | D:15     | Noticed Agnes
 22908 | D:15     | Killed Agnes
 23053 | D:15     | Identified the +5 flail "Ruroho" {vorpal, Drain rElec rF+++
                  | Stlth+}
 23172 | D:15     | Found a broken altar of Ashenzari.
 23862 | Slime:1  | Entered Level 1 of the Pits of Slime
 24127 | Slime:2  | Noticed an acid blob
 24133 | Slime:2  | Killed an acid blob
 24142 | Slime:2  | Reached skill level 10 in Translocations
 24170 | Slime:1  | Noticed an acid blob
 24170 | Slime:1  | Noticed an acid blob
 24230 | Slime:1  | Noticed an acid blob
 24232 | Slime:1  | Noticed an acid blob
 24243 | Slime:2  | Killed an acid blob
 24455 | Slime:2  | Killed an acid blob
 24456 | Slime:2  | Reached skill level 16 in Ranged Weapons
 24475 | Slime:1  | Gained mutation: You are weak. (Str -2) [a shining eye]
 24478 | Slime:2  | Gained mutation: You are clumsy. (Dex -2) [a shining eye]
 24489 | Slime:1  | Killed an acid blob
 24797 | Slime:3  | Noticed an acid blob
 24797 | Slime:3  | Noticed an acid blob
 24806 | Slime:2  | Killed an acid blob
 24976 | Slime:2  | HP: 5/122 [acid (9)]
 24977 | Slime:2  | Splashed with acid

Illustrated notes

Levels and vault maps discovered:
D:1:      dpeg_arrival_morbid_curiosity, layout_rooms,
          dreamdust_ecumenical_altar_hidden_monk_grotto
D:2:      layout_basic
D:3:      layout_basic, lemuel_crystal_altar, fountainhead,
          wander_ebering_terrifying_dragon_lair, uniq_natasha
D:6:      layout_loops_ring, minmay_temple_entry_hall, serial_shops,
          shop_statue, nicolae_ossuary_entry_giza, kennysheep_generic_room_16,
          uniq_eustachio
D:7:      layout_loops_cross, lemuel_zombie_altar_kikubaaqudgha, bloody_makhleb,
          serial_bayou, serial_bayou_lagoon_b, serial_bayou_shore_b,
          serial_bayou_pond_d, serial_bayou_pond_c,
          minmay_hollow_rounded_squares
D:8:      layout_loops_ring, mainiacjoe_overflow_six_doors_small,
          mainiacjoe_overflow_chevrons, nicolae_shop_self_help
D:9:      layout_irregular_city, amcnicky_altar_gilded, lair_entry_dummy,
          uniq_grum, uniq_psyche
D:10:     gammafunk_indiana_jones, layout_loops_corners,
          mainiacjoe_overflow_24_doors, zombieorc2_lemuel, ebering_ghost_xom
D:11:     layout_irregular_city, maelrawn_ghost_gauntlet_escape,
          minmay_misc_feat_cross, statue_in_the_mist_lemuel
D:12:     layout_loops_corners, nicolae_zen_rock_garden, uniq_fannar, uniq_urug
D:13:     layout_roguey, serial_shops, kennysheep_little_box,
          nicolae_two_hexagons
D:14:     layout_basic, david_vaults_3, serial_shops, nicolae_shop_hallway_plus,
          portal_ice_cave_entry_ice_statue_one, serial_undead, serial_undead_b,
          serial_undead_e, serial_undead_e, serial_undead_d, minmay_checkerbox
D:15:     hangedman_depths_entry_try_elsewhere_first, layout_long_grid,
          nrook_mini_backslash, minmay_misc_feat_four_crosses,
          cheibrodos_ashenzari_chains, uniq_agnes, uniq_louise
Temple:   hellmonk_temple_flake
Lair:1:   layout_roguey, grunt_megastairs_1, uniq_joseph, uniq_nergalle
Lair:2:   layout_chaotic_city, minivault_27, uniq_gastronok, uniq_erica,
          uniq_amaemon
Lair:3:   layout_gridlike, elwin_shoals_entry_rocks,
          minmay_snake_entry_six_corridors
Lair:4:   nzn_winding_woodlands_three_and_one [nzn_winding_woodlands_5x15_eye,
          nzn_winding_woodlands_5x15_sawtooth,
          nzn_winding_woodlands_5x15_pockets,
          nzn_winding_woodlands_center_pierced_h], layout_misc_corridors,
          chequers_serial_rivers_micro_b, infiniplex_staircase_pool,
          serial_bayou_shore_b
Lair:5:   hangedman_lair_in_review, layout_long_grid,
          hangedman_lair_caniforms_friends, slime_entry_1
Snake:1:  layout_layer_cave, gammafunk_ghost_arena
Slime:1:  layout_caves
Slime:2:  layout_caves
Slime:3:  layout_caves
Orc:1:    layout_diamond_mine, hellmonk_jugg_or_not
Orc:2:    pf_orc_diabolical, layout_caves, nooodl_orcs_dogs, uniq_jorgrun

Skill      XL: |  1  2  3  4  5  6  7  8  9 10 11 12 13 14 15 16 |
---------------+-------------------------------------------------+-----
Invocations    | 1 2 4 5 10 | 10.0
Spellcasting   | 3 6 7 |  7.0
Ranged Weapons | 1 3 4 6 8 9 12 14 15 16 | 16.0
Fighting       | 3 6 8 10 | 10.0
Dodging        | 4 5 8 |  8.0
Armour         | 3 5 7 8 |  8.0
Stealth        | 5 |  5.0
Evocations     | 3 5 8 |  8.0
Necromancy     | 6 10 | 10.0
Throwing       | 4 5 |  5.0
Translocations | 8 10 | 10.0

Action                   |  1- 3 |  4- 6 |  7- 9 | 10-12 | 13-15 | 16-18 || total
-------------------------+-------+-------+-------+-------+-------+-------++-------
Melee: Unarmed           |     1 |       |       |       |       |       ||     1
       Mace              |       |     7 |       |       |       |       ||     7
       Triple crossbow   |       |       |       |       |       |     1 ||     1
 Fire: Triple crossbow   |       |    42 |   158 |   497 |   870 |   189 ||  1756
 Cast: Necrotise         |    66 |    22 |       |       |       |       ||    88
       Animate Dead      |       |       |       |     3 |    32 |     1 ||    36
       Portal Projectile |       |       |       |       |       |     2 ||     2
       Passage of Golubr |       |       |       |       |       |     2 ||     2
Invok: Wall of Briars    |       |     7 |     5 |    37 |    85 |     8 ||   142
       Grow Ballistomyce |       |       |       |       |     2 |       ||     2
Evoke: Wand              |       |       |     3 |     3 |    12 |    18 ||    36
  Use: Scroll            |       |     9 |     2 |    17 |    18 |     4 ||    50
       Potion            |       |     3 |       |     4 |    11 |    15 ||    33
Armor: Robe              |     1 |    13 |    32 |       |       |       ||    46
       Skin              |       |    18 |       |       |       |       ||    18
       Leather armour    |       |       |     7 |       |       |       ||     7
       Steam dragon scal |       |       |    15 |    50 |       |       ||    65
       Acid dragon scale |       |       |       |   134 |   375 |   138 ||   647
Dodge: Dodged            |     4 |    30 |    77 |   291 |   488 |   146 ||  1036
       Repelled          |       |       |       |       |     1 |     7 ||     8
